 Dungeon Crawl Stone Soup version 0.25.1-2-g60ff931df9 (webtiles) character file.

Game seed: 13814734661386124743

4169 funkygono the Nimble (level 10, -9/81 HPs)
             Began as a Gnoll Monk on Oct 10, 2020.
             Was an Elder of Okawaru.
             Mangled by Gastronok (26 damage)
             ... on level 8 of the Dungeon.
             The game lasted 00:16:19 (7252 turns).

funkygono the Nimble (Gnoll Monk)                   Turns: 7252, Time: 00:16:19

Health: -9/81      AC: 15    Str: 17    XL:     10   Next: 28%
Magic:  17/17      EV: 15    Int: 15    God:    Okawaru [****..]
Gold:   302        SH:  6    Dex: 17    Spells: 18/19 levels left

rFire    + . .     SeeInvis .   D - +8 demon blade "Jiunumeck" {venom, rElec MR- Int+2 Stlth+}
rCold    x . .     Gourm    .   l - +0 buckler
rNeg     . . .     Faith    .   v - +3 scale mail {rPois}
rPois    +         Spirit   .   f - +2 hat
rElec    +         Reflect  .   F - +0 cloak
rCorr    .         Harm     .   a - +1 pair of gloves
MR       .....                  (no boots)
Stlth    +++.......             o - amulet of regeneration
HPRegen  0.63/turn              w - ring of fire
MPRegen  0.15/turn              k - ring of flight

@: flying, hasted and slowed
A: distributed training, fangs 1, strong nose
a: Heroism, Renounce Religion


You were on level 8 of the Dungeon.
You worshipped Okawaru.
Okawaru was greatly pleased with you.
You were hungry.

You visited 2 branches of the dungeon, and saw 9 of its levels.

You collected 302 gold pieces.

Inventory:

Hand Weapons
 y - a +5 flail
 z - the +9 staff of Wucad Mu {channel}
   (You found it on level 4 of the Dungeon)
 D - the +8 demon blade "Jiunumeck" (weapon) {venom, rElec MR- Int+2 Stlth+}
   (You acquired it on level 6 of the Dungeon)

   It poisons the flesh of those it strikes.
   It affects your intelligence (+2).
   It insulates you from electricity.
   It affects your resistance to hostile enchantments.
   It makes you more stealthy.
Missiles
 e - 265 stones (quivered)
 u - 5 javelins
Armour
 a - a +1 pair of gloves (worn)
 f - a +2 hat (worn)
 l - a +0 buckler (worn)
 v - a +3 scale mail of poison resistance (worn)
 F - a +0 cloak (worn)
Jewellery
 k - a ring of flight (right hand)
 o - an amulet of regeneration (around neck)
 w - a ring of fire (left hand)
 G - an uncursed amulet of the acrobat
Wands
 q - a wand of random effects (22)
 B - a wand of disintegration (17)
Scrolls
 g - 4 scrolls of remove curse
 j - 2 scrolls of teleportation
 t - 2 scrolls of amnesia
 A - 3 scrolls of magic mapping
Potions
 b - 2 potions of magic
 d - 2 potions of resistance
 h - 2 potions of mutation
 i - a potion of curing
 m - a potion of cancellation {unknown}
 n - 4 potions of haste
 p - 2 potions of stabbing {unknown}
 r - a potion of berserk rage {unknown}
 s - 3 potions of flight
 x - 2 potions of brilliance {unknown}
 E - 2 potions of degeneration {unknown}
Comestibles
 c - 13 rations
 H - 7 chunks of flesh


   Skills:
 + Level 8.3 Fighting
 + Level 5.0 Short Blades
 + Level 8.3 Long Blades
 + Level 5.0 Axes
 + Level 5.0 Maces & Flails
 + Level 5.0 Polearms
 + Level 5.0 Staves
 + Level 5.0 Slings
 + Level 5.0 Bows
 + Level 5.0 Crossbows
 + Level 5.0 Throwing
 + Level 5.0 Armour
 + Level 8.3 Dodging
 + Level 6.6 Stealth
 + Level 5.0 Shields
 + Level 5.0 Unarmed Combat
 + Level 5.0 Spellcasting
 + Level 4.1 Conjurations
 + Level 4.1 Hexes
 + Level 4.1 Charms
 + Level 4.1 Summonings
 + Level 4.1 Necromancy
 + Level 4.1 Translocations
 + Level 4.1 Transmutations
 + Level 4.1 Fire Magic
 + Level 4.1 Ice Magic
 + Level 4.1 Air Magic
 + Level 4.1 Earth Magic
 + Level 4.1 Poison Magic
 + Level 5.5 Invocations
 + Level 5.0 Evocations


You had 18 spell levels left.
You knew the following spells:

 Your Spells              Type           Power        Failure   Level  Hunger
a - Summon Butterflies    Summ           ###.....     9%          1    None

Your spell library contained the following spells:

 Spells                   Type           Power        Failure   Level  Hunger
 Inner Flame              Hex/Fire       ###.....     26%         3    ###....
 Summon Lightning Spire   Summ/Air       ###.....     65%         4    ####...
 Shadow Creatures         Summ           N/A          100%        6    #######


Dungeon Overview and Level Annotations

Branches:
Dungeon (8/15)             Temple (1/1) D:6
   Lair: D:8-11

Altars:
Ashenzari
Cheibriados
Dithmenos
Elyvilon
Fedhas
Gozag
Hepliaklqana
Kikubaaqudgha
Makhleb
Okawaru
Qazlal
Ru
Trog
Uskayaw
Vehumet
Wu Jian
Xom
Yredelemnul
Zin
The Shining One

Annotations:
D:3 2 transporters, Ragnag's ghost, novice FoAK
D:8 Gastronok


Innate Abilities, Weirdness & Mutations

Your experience applies equally to all skills.
You have very sharp teeth.
Your uncanny sense of smell can sniff out nearby items.


Message History

Gastronok bites you!
You hit Gastronok.
Gastronok looks as sick as possible!
Gastronok is severely wounded.
Gastronok casts a spell.
Your skin takes on a slight green cast.
You slash Gastronok!
Gastronok looks as sick as possible!
You bite Gastronok, but do no damage.
Gastronok is severely wounded.
You slash Gastronok!
Gastronok looks as sick as possible!
Gastronok is almost dead.
Gastronok bites you!!
* * * LOW HITPOINT WARNING * * *
It was a potion of haste.
You feel yourself speed up.
Gastronok casts a spell.
You feel sluggish.
It was a potion of flight.
You feel very buoyant.
You fly up into the air.
It was a potion of curing.
You feel better. Gastronok bites you!!
You die...

....#### .......
..... .... ####..##
.# (((... .+
#(.####### ..#
#.w@.....+...+
#.#.######...
####'#.....<..#
#...........#.#
#........#....#
#.............#
#......#.....##.#
#....(.+........#
#####......##.#######


You could see Gastronok (extremely poisoned).

Vanquished Creatures
  Pikel (D:8)
  Maurice (D:8)
  A hippogriff (D:7)
  Sigmund (D:3)
  Menkaure (D:4)
  A hornet zombie (D:5)
  3 slaves (D:8)
  5 ice beasts
  An orc warrior (D:8)
  2 ogres
  A crocodile (D:8)
  Blork the orc (D:4)
  3 bullfrogs
  A gnoll sergeant (D:6)
  2 wyvern skeletons
  2 scorpions
  5 wights (D:7)
  3 howler monkeys (D:7)
  3 crimson imps
  A jelly (D:5)
  A bullfrog zombie (D:8)
  3 hounds
  4 orc wizards
  5 orc priests
  A bullfrog skeleton (D:4)
  A centaur skeleton (D:6)
  4 iguanas
  4 worker ants
  Terence (D:3)
  A killer bee zombie (D:7)
  A hound zombie (D:8)
  11 gnolls
  A howler monkey skeleton (D:6)
  9 adders
  A shadow imp (D:5)
  An ooze (D:3)
  An adder skeleton (D:4)
  2 worms (D:2)
  A dart slug (D:1)
  5 leopard geckos
  16 orcs
  A ball python (D:5)
  4 giant cockroaches
  3 goblins
  8 hobgoblins
  3 jackals (D:8)
  5 quokkas
  13 bats
  5 frilled lizards
  6 kobolds
  A leopard gecko zombie (D:7)
  A quokka skeleton (D:6)
  9 rats
172 creatures vanquished.

Notes
Turn   | Place    | Note
-------+----------+-------------------------------------------
     0 | D:1      | funkygono the Gnoll Monk began the quest for the Orb.
     0 | D:1      | Reached XP level 1. HP: 23/23 MP: 1/1
   443 | D:1      | Reached XP level 2. HP: 29/29 MP: 2/2
  1359 | D:2      | Reached XP level 3. HP: 35/35 MP: 3/3
  1447 | D:2      | Reached skill level 1 in Invocations
  1557 | D:2      | Reached skill level 1 in Short Blades
  1557 | D:2      | Reached skill level 1 in Axes
  1557 | D:2      | Reached skill level 1 in Maces & Flails
  1557 | D:2      | Reached skill level 1 in Polearms
  1557 | D:2      | Reached skill level 1 in Staves
  1557 | D:2      | Reached skill level 1 in Slings
  1557 | D:2      | Reached skill level 1 in Bows
  1557 | D:2      | Reached skill level 1 in Crossbows
  1557 | D:2      | Reached skill level 1 in Throwing
  1557 | D:2      | Reached skill level 1 in Armour
  1557 | D:2      | Reached skill level 1 in Shields
  1557 | D:2      | Reached skill level 1 in Unarmed Combat
  1557 | D:2      | Reached skill level 1 in Spellcasting
  1557 | D:2      | Reached skill level 1 in Evocations
  1692 | D:2      | Found a shattered altar of Ashenzari.
  1836 | D:2      | Found a hide-covered altar of Uskayaw.
  2071 | D:3      | Reached XP level 4. HP: 41/41 MP: 5/5
  2269 | D:3      | Noticed Sigmund
  2286 | D:3      | Killed Sigmund
  2286 | D:3      | Reached skill level 1 in Conjurations
  2286 | D:3      | Reached skill level 1 in Hexes
  2286 | D:3      | Reached skill level 1 in Charms
  2286 | D:3      | Reached skill level 1 in Summonings
  2286 | D:3      | Reached skill level 1 in Necromancy
  2286 | D:3      | Reached skill level 1 in Translocations
  2286 | D:3      | Reached skill level 1 in Transmutations
  2286 | D:3      | Reached skill level 1 in Fire Magic
  2286 | D:3      | Reached skill level 1 in Ice Magic
  2286 | D:3      | Reached skill level 1 in Air Magic
  2286 | D:3      | Reached skill level 1 in Earth Magic
  2286 | D:3      | Reached skill level 1 in Poison Magic
  2286 | D:3      | Reached XP level 5. HP: 17/47 MP: 5/7
  2286 | D:3      | Reached XP level 6. HP: 19/53 MP: 5/8
  2407 | D:3      | Found an ornate altar of the Wu Jian Council.
  2434 | D:3      | Found a bloodstained altar of Trog.
  2436 | D:3      | Found a shadowy altar of Dithmenos.
  2465 | D:3      | Found a transporter.
  2465 | D:3      | Noticed Ragnag's ghost (novice FoAK)
  2470 | D:3      | Found a transporter.
  2834 | D:3      | Noticed Terence
  2841 | D:3      | Killed Terence
  3346 | D:4      | Reached XP level 7. HP: 56/59 MP: 10/10
  3424 | D:4      | Noticed Menkaure
  3430 | D:4      | Killed Menkaure
  3554 | D:4      | Noticed Blork the orc
  3561 | D:4      | Killed Blork the orc
  3561 | D:4      | Reached skill level 5 in Stealth
  3609 | D:4      | Found the +9 staff of Wucad Mu {channel}
  4113 | D:5      | Entered Level 5 of the Dungeon
  4134 | D:5      | Reached XP level 8. HP: 57/67 MP: 12/12
  4385 | D:5      | Found an ancient bone altar of Kikubaaqudgha.
  4983 | D:6      | Reached XP level 9. HP: 33/72 MP: 14/14
  5158 | D:6      | Found a staircase to the Ecumenical Temple.
  5192 | Temple   | Entered the Ecumenical Temple
  5219 | Temple   | Became a worshipper of Warmaster Okawaru
  5219 | Temple   | Reached * piety under Okawaru
  5219 | Temple   | Reached ** piety under Okawaru
  5815 | D:6      | Identified a scroll of acquirement
  5815 | D:6      | Acquired the +8 demon blade "Jiunumeck" {venom, rElec MR-
                  | Int+2 Stlth+}
  5959 | D:7      | Found a radiant altar of Vehumet.
  6409 | D:7      | Found a hazy altar of Hepliaklqana.
  6690 | D:7      | Reached skill level 5 in Invocations
  6963 | D:8      | Acquired the Almanac of the Secret Yaks
  6972 | D:8      | Learned a level 1 spell: Summon Butterflies
  6995 | D:8      | Noticed Pikel
  7028 | D:8      | Killed Pikel
  7028 | D:8      | Reached *** piety under Okawaru
  7028 | D:8      | Reached XP level 10. HP: 77/80 MP: 15/17
  7119 | D:8      | Noticed Maurice
  7135 | D:8      | Killed Maurice
  7135 | D:8      | Reached skill level 5 in Short Blades
  7135 | D:8      | Reached skill level 5 in Axes
  7135 | D:8      | Reached skill level 5 in Maces & Flails
  7135 | D:8      | Reached skill level 5 in Polearms
  7135 | D:8      | Reached skill level 5 in Staves
  7135 | D:8      | Reached skill level 5 in Slings
  7135 | D:8      | Reached skill level 5 in Bows
  7135 | D:8      | Reached skill level 5 in Crossbows
  7135 | D:8      | Reached skill level 5 in Throwing
  7135 | D:8      | Reached skill level 5 in Armour
  7135 | D:8      | Reached skill level 5 in Shields
  7135 | D:8      | Reached skill level 5 in Unarmed Combat
  7135 | D:8      | Reached skill level 5 in Spellcasting
  7135 | D:8      | Reached skill level 5 in Evocations
  7141 | D:8      | Reached **** piety under Okawaru
  7228 | D:8      | Noticed Gastronok
  7252 | D:8      | Mangled by Gastronok

Illustrated notes

Levels and vault maps discovered:
D:1:      dpeg_arrival_circle_labyrinth_b, layout_basic, st_stairs_8
D:2:      layout_basic, nicolae_overflow_hidden_temple, first_ration,
          nicolae_ashenzari_panopticon
D:3:      layout_basic, grunt_temple_overflow_open, gammafunk_ghost_smash,
          serial_co_window_serial, co_window_paths_b, co_window_corner_a,
          co_window_corner_a, co_window_paths_b, co_window_paths_b,
          co_window_corner_b, co_window_broadway_b, co_window_broadway_c,
          co_window_4corner_a, glass_columns_c, glass_columns_c, uniq_sigmund,
          uniq_terence
D:4:      layout_cave_pods, minmay_unequal, uniq_menkaure, uniq_blork_the_orc
D:5:      layout_basic, marbit_many_paths
D:6:      layout_loops_ring, minmay_temple_entry_slanted
D:7:      layout_basic, lemuel_round_altar, lemuel_doored_altar
D:8:      layout_basic, lair_entry_dummy, uniq_gastronok, uniq_maurice,
          uniq_pikel, uniq_maggie, uniq_joseph
Temple:   minmay_temple_bridge_abc

Skill      XL: |  1  2  3  4  5  6  7  8  9 10 |
---------------+-------------------------------+-----
Invocations    | 1 2 3 4 5 |  5.5
Short Blades   | 1 2 3 4 5 |  5.0
Axes           | 1 2 3 4 5 |  5.0
Maces & Flails | 1 2 3 4 5 |  5.0
Polearms       | 1 2 3 4 5 |  5.0
Staves         | 1 2 3 4 5 |  5.0
Slings         | 1 2 3 4 5 |  5.0
Bows           | 1 2 3 4 5 |  5.0
Crossbows      | 1 2 3 4 5 |  5.0
Throwing       | 1 2 3 4 5 |  5.0
Armour         | 1 2 3 4 5 |  5.0
Shields        | 1 2 3 4 5 |  5.0
Unarmed Combat | 1 2 3 4 5 |  5.0
Spellcasting   | 1 2 3 4 5 |  5.0
Evocations     | 1 2 3 4 5 |  5.0
Conjurations   | 1 2 3 4 |  4.1
Hexes          | 1 2 3 4 |  4.1
Charms         | 1 2 3 4 |  4.1
Summonings     | 1 2 3 4 |  4.1
Necromancy     | 1 2 3 4 |  4.1
Translocations | 1 2 3 4 |  4.1
Transmutations | 1 2 3 4 |  4.1
Fire Magic     | 1 2 3 4 |  4.1
Ice Magic      | 1 2 3 4 |  4.1
Air Magic      | 1 2 3 4 |  4.1
Earth Magic    | 1 2 3 4 |  4.1
Poison Magic   | 1 2 3 4 |  4.1
Fighting       | 7 8 |  8.3
Long Blades    | 7 8 |  8.3
Dodging        | 7 8 |  8.3
Stealth        | 5 6 |  6.6

Action                   |  1- 3 |  4- 6 |  7- 9 | 10-12 || total
-------------------------+-------+-------+-------+-------++-------
Melee: Falchion          |   103 |   103 |    17 |       ||   223
       Bite              |    20 |    12 |    23 |     4 ||    59
       Staff             |       |       |    94 |       ||    94
       Flail             |       |       |    72 |       ||    72
       Demon blade       |       |       |    78 |    33 ||   111
Throw: Boomerang         |       |    28 |    54 |       ||    82
       Stone             |       |     2 |     8 |     6 ||    16
       Dart              |       |       |    85 |    31 ||   116
       Javelin           |       |       |    24 |       ||    24
 Cast: Summon Butterflie |       |       |     2 |       ||     2
  Use: Scroll            |     6 |     3 |     5 |       ||    14
       Potion            |       |     2 |     1 |     3 ||     6
 Stab: Sleeping          |     3 |       |       |       ||     3
  Eat: Chunk             |     3 |     5 |    11 |     1 ||    20
Armor: Scale mail        |    25 |    42 |    97 |    10 ||   174
Dodge: Dodged            |    62 |    57 |   128 |    12 ||   259
Block: Buckler           |     7 |    14 |    62 |     3 ||    86
       Rpst.: Falchion   |    22 |    21 |     2 |       ||    45
       Demon blade       |       |       |    10 |     5 ||    15
